 Dungeon Crawl Stone Soup version 0.27-a0-1147-gb3d8e82157 (webtiles) character file.

Game seed: 15984441311431236790

88 Kublaii the Chucker (level 4, -2/42 HPs)
             Began as a Troll Hunter on May 11, 2021.
             Slain by Crazy Yiuf
             ... wielding a +3 quarterstaff of chaos
              (7 damage)
             ... on level 3 of the Dungeon.
             The game lasted 00:13:50 (1542 turns).

Kublaii the Chucker (Troll Hunter)                  Turns: 1542, Time: 00:13:51

Health: -2/42      AC:  4    Str: 20    XL:     4   Next: 29%
Magic:  12/12      EV: 10    Int:  8    God:
Gold:   90         SH:  0    Dex: 10    Spells: 3/3 levels left

rFire    . . .     SeeInvis .     - Unarmed
rCold    . . .     Faith    .   (no shield)
rNeg     . . .     Spirit   .   b - +0 robe
rPois    .         Reflect  .   (helmet restricted)
rElec    .         Harm     .   (no cloak)
rCorr    .         Rampage  .   (gloves unavailable)
Will     .....                  (boots unavailable)
Stlth    +.........             h - amulet of the acrobat
HPRegen  1.14/turn              n - ring of magical power
MPRegen  0.13/turn              (no ring)

@: lethally poisoned (-2 -> -3)
A: large, unfitting armour, claws 3, regeneration 1, shaggy fur 1, tough skin 1
a: no special abilities


You were on level 3 of the Dungeon.
You visited 1 branch of the dungeon, and saw 3 of its levels.

You collected 90 gold pieces.

Inventory:

Missiles
 a - 28 stones
 c - 4 large rocks (quivered)
Armour
 b - a +0 robe (worn)
Jewellery
 h - an amulet of the acrobat (around neck)
 n - a ring of magical power (left claw)
Scrolls
 f - 2 scrolls of identify {unknown}
 g - a scroll of brand weapon {unknown}
 i - a scroll of amnesia {unknown}
 j - a scroll of vulnerability {unknown}
 k - a scroll of fear {unknown}
 l - 2 scrolls of enchant weapon {unknown}
 m - a scroll of summoning {unknown}
 o - a scroll of immolation {unknown}
Potions
 e - 4 potions of curing {unknown}
 p - a potion of heal wounds {unknown}


   Skills:
 + Level 2.2 Fighting
 - Level 4.0 Throwing
 + Level 2.2 Dodging
 - Level 0.3 Stealth
 + Level 2.2 Unarmed Combat


You had 3 spell levels left.
You didn't know any spells.
Your spell library was empty.

Dungeon Overview and Level Annotations

Branches:
Dungeon (3/15)

Altars:
Trog

Annotations:
D:3 Crazy Yiuf


Innate Abilities, Weirdness & Mutations

You are too large for most types of armour.
You have claws for hands.
Your natural rate of healing is unusually fast.
You are covered in fur. (AC +1)
You have tough skin. (AC +1)


Message History

Crazy Yiuf struggles against the net.
You scratch Crazy Yiuf but do no damage.
Crazy Yiuf is severely wounded.
You feel very sick.
Crazy Yiuf struggles against the net.
You scratch Crazy Yiuf.
Crazy Yiuf is severely wounded.
You feel very sick.
Crazy Yiuf struggles against the net.
You scratch Crazy Yiuf but do no damage.
Crazy Yiuf is severely wounded.
You feel sick.
Crazy Yiuf struggles against the net.
The net rips apart, and Crazy Yiuf comes free!
You closely miss Crazy Yiuf.
Crazy Yiuf is severely wounded.
You feel sick.
Crazy Yiuf hits you with a +3 quarterstaff of chaos!
* * * LOW HITPOINT WARNING * * *
Crazy Yiuf freezes you.
* * * LOW HITPOINT WARNING * * *
You closely miss Crazy Yiuf.
Crazy Yiuf is severely wounded.
You feel sick.
Crazy Yiuf laughs, "Dawk verde sow!"
Crazy Yiuf hits you with a +3 quarterstaff of chaos.
* * * LOW HITPOINT WARNING * * *
Crazy Yiuf freezes you.
* * * LOW HITPOINT WARNING * * *
Throw: 28 stones
Press: ? - help, Q - select action, (/) - cycle Shift-Dir - straight line, f/p - Crazy Yiuf
Aim: Crazy Yiuf, wielding a +3 quarterstaff of chaos and wearing a +2 cloak (severely wounded, 63% to hit)
Okay, then.
Throw: 5 large rocks
Press: ? - help, Q - select action, (/) - cycle Shift-Dir - straight line, f/p - Crazy Yiuf
Aim: Crazy Yiuf, wielding a +3 quarterstaff of chaos and wearing a +2 cloak (severely wounded, 63% to hit)
You throw a large rock.
The large rock barely misses Crazy Yiuf.
You feel sick.
Crazy Yiuf hits you with a +3 quarterstaff of chaos!
You die...

#.# #..#...........#...##
#... #.#
##.............#.########..
#.# ##..............#
#....... #.#
################ #..>....
#.# #..>..#. ##.# #.......
##..# ### ### ♣♣###.....#.
....####.# #)..#♣♣
♣♣.......#### .........#
#(..g@♣♣♣♣......### #
.....#####
#...#♣..♣......## #
.....##### ### ♣♣♣.♣....##
....#....# ♣♣♣♣♣######
....#....# #...##
....#....#####
#########....##
....#....>.#.#
#.............###
....#####....#
#########.#...... #####
###..# #.#....##


You could see Crazy Yiuf.

Vanquished Creatures
  3 adders
  2 worms
  2 dart slugs
  9 ball pythons
  5 bats
  An endoplasm (D:1)
  3 giant cockroaches
  4 goblins
  5 hobgoblins
  2 jackals (D:1)
  4 quokkas (D:2)
  A frilled lizard (D:2)
  2 kobolds (D:2)
  7 rats
50 creatures vanquished.

Notes
Turn   | Place    | Note
-------+----------+-------------------------------------------
     0 | D:1      | Kublaii the Troll Hunter began the quest for the Orb.
     0 | D:1      | Reached XP level 1. HP: 19/19 MP: 0/0
    74 | D:1      | Reached XP level 2. HP: 28/28 MP: 1/1
   117 | D:1      | Reached skill level 1 in Unarmed Combat
   628 | D:2      | Reached XP level 3. HP: 35/35 MP: 2/2
   828 | D:2      | Reached skill level 4 in Throwing
   879 | D:2      | Reached XP level 4. HP: 41/42 MP: 3/3
   886 | D:2      | Found a bloodstained altar of Trog.
  1068 | D:2      | Found a faded altar of an unknown god.
  1529 | D:3      | Found a runed translucent door.
  1530 | D:3      | Noticed Crazy Yiuf
  1542 | D:3      | Slain by Crazy Yiuf

Illustrated notes

Levels and vault maps discovered:
D:1:      dpeg_arrival_rooms_b, layout_rooms
D:2:      layout_rooms, shapermc_ecumenical_altar_mp_vishouse, basic_altar,
          grunt_ministairs_15
D:3:      layout_rooms, uniq_crazy_yiuf_cottage

Skill      XL: |  1  2  3 |
---------------+----------+-----
Unarmed Combat | 1 2 |  2.2
Dodging        | 2 |  2.2
Fighting       | 2 |  2.2
Throwing       | 4 |  4.0
Stealth        | |  0.3

Action                   |  1- 3 |  4- 6 || total
-------------------------+-------+-------++-------
Melee: Unarmed           |    73 |    25 ||    98
Throw: Stone             |    60 |    14 ||    74
       Large rock        |     6 |     3 ||     9
       Throwing net      |       |     2 ||     2
 Stab: Sleeping          |     1 |       ||     1
Armor: Robe              |    23 |     5 ||    28
Dodge: Dodged            |    36 |     9 ||    45

Table legend: (Time is in decaauts)
 A = Elapsed time spent in this place.
 B = Non-inter-level travel time spent in this place.
 C = Inter-level travel time spent in this place.
 D = Time resting spent in this place.
 E = Time spent auto-exploring this place.
 F = Levels seen in this place.
 G = Mean time per level.
                   A        B        C        D        E       F      G
               +--------+--------+--------+--------+--------+-----+--------+
         Total |   1537 |   1486 |     51 |      0 |   1138 |   3 |  512.3 |
       Dungeon |   1537 |   1486 |     51 |      0 |   1138 |   3 |  512.3 |
               +--------+--------+--------+--------+--------+-----+--------+

Top non-repeatable levels by time:
     D:2: 658 daAuts
     D:1: 557 daAuts
     D:3: 320 daAuts
